Capitals vs Panthers
Created - April 29, 2020 at 20:01
Goals
|
| Capitals |
0 |
1 |
1 |
0 |
2 |
3 |
| Panthers |
1 |
0 |
1 |
0 |
1 |
2 |
|
Shots
|
| Capitals |
12 |
7 |
15 |
5 |
3 |
39 |
| Panthers |
14 |
8 |
14 |
3 |
3 |
39 |
|
1st period
1. Panthers , Linus Omark 12 (Drew Stafford 33, Stephen Weiss 26) at 15:25
Penalties :
Travis Zajac (Flo) for Delaying the game (Minor) at 5:40
2nd period
2. Capitals , Thomas Vanek 26 (Joe Pavelski 40, Ryan Suter 11) at 16:23
Penalties :
Thomas Vanek (Was) for Roughing (Minor) at 1:03, Ondrej Palat (Was) for Roughing (Minor) at 10:13, Joe Pavelski (Was) for High sticking (Minor) at 12:56
3rd period
3. Capitals , Brent Burns 8 (Joe Pavelski 41, PK Subban 26) at 4:12 (SH)
4. Panthers , Marek Svatos 21 (Matt Duchene 61, Linus Omark 14) at 9:52
Penalties :
Peter Worrell (Was) for High sticking (Minor) at 2:54, Ryan Getzlaf (Was) for Hooking (Minor) at 10:36
Overtime #1
No Goal
Penalties :
No Penalty
Shootout
Capitals, Joe Thornton - Goal!
Panthers, Alex Galchenyuk - Stopped by Tuukka Rask
Capitals, Joe Pavelski - Shot Misses the Net
Panthers, Kyle Wellwood - Goal!
Capitals, Thomas Vanek - Goal!
Panthers, Matt Duchene - Shot Hit the Post
Penalties :
No Penalty
Goalie Stats
Tuukka Rask (Was), 37 saves from 39 shots - (0.949), W, 25-18-7, 65:00 minutes
Petr Mrazek (Flo), 37 saves from 39 shots - (0.949), OTL, 30-20-3, 65:00 minutes
Players Stats for Capitals
Player Name G A P +/- PIM S H SB GA TA FO MP PP MP PK MP
------------------------------------------------------------------------------------
Brent Burns 1 0 1 1 0 3 1 2 0 2 0/0 29:29 0:33 6:07
Brian McGrattan 0 0 0 -1 0 5 2 0 1 0 0/0 16:10 1:47 0:00
Dan Hamhuis 0 0 0 -2 0 3 2 1 0 2 0/0 23:12 1:07 3:48
Jeff Skinner 0 0 0 1 0 0 1 0 0 0 1/3 16:02 0:31 0:00
Joe Pavelski 0 2 2 2 2 2 2 1 1 1 2/3 23:36 0:00 4:29
Joe Thornton 0 0 0 1 0 2 0 0 0 1 7/11 10:08 0:12 5:40
Josh Manson 0 0 0 0 0 1 0 1 0 1 0/0 5:47 0:19 0:00
Mikko Koivu 0 0 0 -1 0 3 0 0 0 0 0/1 17:09 0:22 1:20
Ondrej Palat 0 0 0 0 2 0 1 0 0 0 0/0 8:57 1:18 1:21
Patrick Sharp 0 0 0 1 0 2 0 0 1 2 9/19 21:38 0:00 2:25
Peter Worrell 0 0 0 -1 2 0 2 0 0 0 0/1 11:29 0:00 0:47
PK Subban 0 1 1 1 0 4 1 1 1 0 0/0 28:07 0:19 6:07
Roman Josi 0 0 0 -1 0 0 2 0 0 0 0/5 10:59 0:00 0:00
Ryan Getzlaf 0 0 0 -1 2 3 1 0 2 0 10/13 16:19 1:47 0:03
Ryan Suter 0 1 1 1 0 1 2 2 1 3 0/0 12:49 0:33 0:00
T.J. Oshie 0 0 0 -1 0 2 0 0 0 0 0/0 14:12 0:00 1:55
Thomas Vanek 1 0 1 1 2 5 2 0 3 0 2/3 20:45 0:00 1:50
Torey Krug 0 0 0 -2 0 3 1 1 1 0 0/0 23:12 1:07 3:48
Players Stats for Panthers
Player Name G A P +/- PIM S H SB GA TA FO MP PP MP PK MP
------------------------------------------------------------------------------------
Alex Galchenyuk 0 0 0 0 0 5 1 1 1 0 0/1 22:59 5:15 0:27
Brandon Gormley 0 0 0 0 0 0 0 0 0 0 0/0 12:21 0:00 0:00
Chad Larose 0 0 0 -1 0 0 0 0 0 0 2/2 16:22 4:37 0:59
Daniel Paille 0 0 0 0 0 1 1 0 0 1 0/0 10:54 0:03 0:00
David Booth 0 0 0 -1 0 4 5 1 0 0 0/2 17:49 4:37 0:00
Drew Stafford 0 1 1 1 0 1 2 0 0 0 0/0 13:38 0:03 0:33
Erik Gudbranson 0 0 0 -1 0 5 2 1 2 3 0/0 29:21 6:32 1:05
Jonathan Sigalet 0 0 0 0 0 1 1 1 0 0 0/0 17:34 3:23 0:54
Kyle Wellwood 0 0 0 0 0 0 2 0 3 0 2/4 11:53 0:03 0:33
Ladislav Smid 0 0 0 1 0 0 1 1 1 2 0/0 23:18 3:23 0:54
Linus Omark 1 1 2 1 0 2 0 0 0 0 0/0 12:12 0:00 0:00
Marek Svatos 1 0 1 0 0 1 0 1 0 0 1/2 20:56 5:15 0:32
Matt Duchene 0 1 1 0 0 6 0 0 1 0 14/28 23:54 5:15 0:54
Radko Gudas 0 0 0 1 0 0 4 2 0 1 0/0 18:05 0:00 0:00
Stephen Weiss 0 1 1 1 0 3 2 3 0 0 5/9 11:56 0:00 0:00
Taylor Chorney 0 0 0 -1 0 1 2 0 2 2 0/0 29:21 6:32 1:05
Tomas Kopecky 0 0 0 0 0 2 0 0 0 0 0/0 8:47 0:00 0:00
Travis Zajac 0 0 0 -1 2 7 3 0 2 2 4/11 16:40 4:37 0:00
3 Stars
1 - Tuukka Rask (Was)
2 - Petr Mrazek (Flo)
3 - Linus Omark (Flo)
Power Play
Capitals - 0 on 1 Attempt(s) - 0.00%
Panthers - 0 on 5 Attempt(s) - 0.00%
Penalty Kill
Capitals - 5 on 5 Attempt(s) - 100.00%
- Score 1 goal in Penalty Kill
Panthers - 1 on 1 Attempt(s) - 100.00%
- Score 0 goal in Penalty Kill
Team Stat
Capitals - Hits : 20 - Faceoff Wins : 31 - Blocked Shots : 9 - Penalty Minutes : 10
Panthers - Hits : 26 - Faceoff Wins : 28 - Blocked Shots : 11 - Penalty Minutes : 2
Official
Referees : Unknown
Linesman : Unknown
Game Notes
No Game Note
Finance
Level 1 -- Attendance: 4344 (72.40%) -- Ticket Income $512,592
Level 2 -- Attendance: 4137 (82.74%) -- Ticket Income $289,590
Level 3 -- Attendance: 1651 (82.55%) -- Ticket Income $70,993
Level 4 -- Attendance: 2888 (72.20%) -- Ticket Income $98,192
Luxury Box -- Attendance: 787 (78.70%) -- Ticket Income $153,465
Game was played at the Bank Atlantic Cente.
Total Attendance: 13807 (76.71%)
Total Ticket Income: $1,124,832
Other Income: $168,725
Total Income: $1,293,557
Capitals
5 vs 5 Forward
Center Left Wing Right Wing Time % Phy DF OF
1 Patrick Sharp Thomas Vanek Joe Pavelski 40 1 2 2
2 Ryan Getzlaf Mikko Koivu Brian McGrattan 30 1 2 2
3 Roman Josi Peter Worrell T.J. Oshie 20 1 2 2
4 Jeff Skinner Ondrej Palat PK Subban 10 1 2 2
5 vs 5 Defense
Defense Defense Time % Phy DF OF
1 Brent Burns PK Subban 40 1 2 2
2 Torey Krug Dan Hamhuis 30 1 2 2
3 Ryan Suter Jeff Skinner 20 1 2 2
4 Josh Manson Brent Burns 10 1 2 2
PowerPlay Forward
Center Left Wing Right Wing Time % Phy DF OF
1 Joe Thornton Thomas Vanek Joe Pavelski 60 1 2 2
2 Ryan Getzlaf Patrick Sharp Brian McGrattan 40 1 2 2
PowerPlay Defense
Defense Defense Time % Phy DF OF
1 Brent Burns PK Subban 60 1 2 2
2 Torey Krug Dan Hamhuis 40 1 2 2
Penalty Kill 4 Players Forward
Center Wing Time % Phy DF OF
1 Joe Thornton Joe Pavelski 60 1 2 2
2 Thomas Vanek Patrick Sharp 40 1 2 2
Penalty Kill 4 Players Defense
Defense Defense Time % Phy DF OF
1 Brent Burns PK Subban 60 1 2 2
2 Torey Krug Dan Hamhuis 40 1 2 2
Penalty Kill - 3 Players Forward
Forward Time % Phy DF OF
1 Joe Thornton 60 1 2 2
2 Joe Pavelski 40 1 2 2
Penalty Kill - 3 Players Defense
Defense Defense Time % Phy DF OF
1 Brent Burns PK Subban 60 1 2 2
2 Torey Krug Dan Hamhuis 40 1 2 2
4 vs 4 Forward
Center Wing Time % Phy DF OF
1 Joe Thornton Joe Pavelski 60 1 2 2
2 Thomas Vanek Patrick Sharp 40 1 2 2
4 vs 4 Defense
Defense Defense Time % Phy DF OF
1 Brent Burns PK Subban 60 1 2 2
2 Torey Krug Dan Hamhuis 40 1 2 2
Last Minutes Offensive
Center Left Wing Right Wing Defense Defense
Joe Thornton Thomas Vanek Joe Pavelski Brent Burns PK Subban
Last Minutes Defensive
Center Left Wing Right Wing Defense Defense
Joe Thornton Thomas Vanek Joe Pavelski Brent Burns PK Subban
Goaltenders
Starting : Tuukka Rask
Backup : Mike Smith
Extra Forwards
Normal : Jeff Skinner, Mikko Koivu, T.J. Oshie - PP : Jeff Skinner, Mikko Koivu - PK : T.J. Oshie
Extra Defensemen
Normal : Ryan Suter, Roman Josi, Josh Manson - PP : Ryan Suter - PK : Roman Josi, Josh Manson
Penalty Shots
Joe Thornton, Joe Pavelski, Thomas Vanek, Patrick Sharp, Ryan Getzlaf
Scratches
Ryan Nugent-Hopkins (Healthy), Jason Pominville (Healthy)
Panthers
5 vs 5 Forward
Center Left Wing Right Wing Time % Phy DF OF
1 Matt Duchene Alex Galchenyuk Marek Svatos 40 0 2 3
2 Travis Zajac David Booth Chad Larose 30 0 2 3
3 Stephen Weiss Linus Omark Drew Stafford 20 0 3 2
4 Kyle Wellwood Daniel Paille Tomas Kopecky 10 1 2 2
5 vs 5 Defense
Defense Defense Time % Phy DF OF
1 Erik Gudbranson Taylor Chorney 40 0 2 3
2 Radko Gudas Ladislav Smid 30 0 2 3
3 Jonathan Sigalet Brandon Gormley 20 0 3 2
4 Erik Gudbranson Taylor Chorney 10 0 2 3
PowerPlay Forward
Center Left Wing Right Wing Time % Phy DF OF
1 Matt Duchene Alex Galchenyuk Marek Svatos 60 0 1 4
2 Travis Zajac David Booth Chad Larose 40 0 1 4
PowerPlay Defense
Defense Defense Time % Phy DF OF
1 Erik Gudbranson Taylor Chorney 60 0 2 3
2 Jonathan Sigalet Ladislav Smid 40 0 2 3
Penalty Kill 4 Players Forward
Center Wing Time % Phy DF OF
1 Travis Zajac Chad Larose 60 1 3 1
2 Kyle Wellwood Drew Stafford 40 1 3 1
Penalty Kill 4 Players Defense
Defense Defense Time % Phy DF OF
1 Erik Gudbranson Taylor Chorney 60 1 4 0
2 Jonathan Sigalet Ladislav Smid 40 1 4 0
Penalty Kill - 3 Players Forward
Forward Time % Phy DF OF
1 Chad Larose 60 1 3 1
2 Drew Stafford 40 1 3 1
Penalty Kill - 3 Players Defense
Defense Defense Time % Phy DF OF
1 Erik Gudbranson Taylor Chorney 60 1 4 0
2 Jonathan Sigalet Ladislav Smid 40 1 4 0
4 vs 4 Forward
Center Wing Time % Phy DF OF
1 Matt Duchene Alex Galchenyuk 60 0 2 3
2 Travis Zajac David Booth 40 0 2 3
4 vs 4 Defense
Defense Defense Time % Phy DF OF
1 Erik Gudbranson Taylor Chorney 60 0 2 3
2 Radko Gudas Ladislav Smid 40 1 2 2
Last Minutes Offensive
Center Left Wing Right Wing Defense Defense
Matt Duchene Alex Galchenyuk Marek Svatos Erik Gudbranson Taylor Chorney
Last Minutes Defensive
Center Left Wing Right Wing Defense Defense
Travis Zajac David Booth Chad Larose Erik Gudbranson Taylor Chorney
Goaltenders
Starting : Petr Mrazek
Backup : Braden Holtby
Extra Forwards
Normal : David Booth, Alex Galchenyuk, Matt Duchene - PP : David Booth, Alex Galchenyuk - PK : Marek Svatos
Extra Defensemen
Normal : Brandon Gormley, Taylor Chorney, Erik Gudbranson - PP : Brandon Gormley - PK : Brandon Gormley, Taylor Chorney
Penalty Shots
Alex Galchenyuk, Kyle Wellwood, Matt Duchene, Travis Zajac, David Booth
Scratches
Andrei Kostitsyn (Suspend), Christian Ehrhoff (Healthy), Lubomir Visnovsky (Healthy), Matt Irwin (Healthy)
% Time on Ice - Capitals
Lines # - Real PCT - Wanted PCT - Time Play
Normal Forward
1 - 38% - 40% - 18:17
2 - 33% - 30% - 15:54
3 - 23% - 20% - 11:10
4 - 6% - 10% - 2:45
Normal Defense
1 - 31% - 40% - 14:41
2 - 34% - 30% - 16:28
3 - 25% - 20% - 11:55
4 - 10% - 10% - 5:02
PP Forward
1 - 10% - 60% - 0:12
2 - 90% - 40% - 1:47
PP Defense
1 - 44% - 60% - 0:52
2 - 56% - 40% - 1:07
PK Forward
1 - 76% - 60% - 7:30
2 - 24% - 40% - 2:25
PK Defense
1 - 62% - 60% - 6:07
2 - 38% - 40% - 3:48
PK3 Forward
1 - 0% - 60%
2 - 0% - 40%
PK3 Defense
1 - 0% - 60%
2 - 0% - 40%
44 Forward
1 - 66% - 60% - 3:17
2 - 34% - 40% - 1:43
44 Defense
1 - 64% - 60% - 3:11
2 - 36% - 40% - 1:49
Last Minute Offensive - 0:00
Last Minute Defensive - 0:00
Total
Forward - 65:00
Defense - 65:00
|
% Time on Ice - Panthers
Lines # - Real PCT - Wanted PCT - Time Play
Normal Forward
1 - 33% - 40% - 15:45
2 - 25% - 30% - 11:58
3 - 24% - 20% - 11:36
4 - 18% - 10% - 8:47
Normal Defense
1 - 38% - 40% - 18:18
2 - 34% - 30% - 16:33
3 - 26% - 20% - 12:21
4 - 2% - 10% - 0:54
PP Forward
1 - 53% - 60% - 5:18
2 - 47% - 40% - 4:37
PP Defense
1 - 66% - 60% - 6:32
2 - 34% - 40% - 3:23
PK Forward
1 - 72% - 60% - 1:26
2 - 28% - 40% - 0:33
PK Defense
1 - 55% - 60% - 1:05
2 - 45% - 40% - 0:54
PK3 Forward
1 - 0% - 60%
2 - 0% - 40%
PK3 Defense
1 - 0% - 60%
2 - 0% - 40%
44 Forward
1 - 93% - 60% - 4:39
2 - 7% - 40% - 0:21
44 Defense
1 - 51% - 60% - 2:32
2 - 49% - 40% - 2:28
Last Minute Offensive - 0:00
Last Minute Defensive - 0:00
Total
Forward - 65:00
Defense - 65:00
|
Play-by-Play
1st period
0:01 of 1st period - Patrick Sharp wins face-off versus Matt Duchene in neutral zone.
0:12 of 1st period - Slapshot by Erik Gudbranson.
0:12 of 1st period - Stopped by Tuukka Rask without a rebound.
0:13 of 1st period - Ryan Getzlaf wins face-off versus Travis Zajac in Capitals zone.
0:13 of 1st period - Ryan Getzlaf is hit by Radko Gudas.
0:27 of 1st period - Wrist shot by David Booth.
0:27 of 1st period - Stopped by Tuukka Rask without a rebound.
0:28 of 1st period - Stephen Weiss wins face-off versus Roman Josi in Capitals zone.
0:33 of 1st period - Slapshot by Linus Omark.
0:33 of 1st period - Shot Misses the Net.
0:51 of 1st period - Icing by Drew Stafford.
0:52 of 1st period - Stephen Weiss wins face-off versus Patrick Sharp in Panthers zone.
1:18 of 1st period - Wrist shot by Travis Zajac.
1:18 of 1st period - Stopped by Tuukka Rask without a rebound.
1:19 of 1st period - Ryan Getzlaf wins face-off versus Travis Zajac in Capitals zone.
1:26 of 1st period - Snap shot by Ryan Getzlaf.
1:26 of 1st period - Shot Misses the Net.
1:34 of 1st period - Snap shot by David Booth.
1:34 of 1st period - Stopped by Tuukka Rask with a rebound.
1:36 of 1st period - Backhand shot by Travis Zajac.
1:36 of 1st period - Stopped by Tuukka Rask without a rebound.
1:37 of 1st period - Kyle Wellwood wins face-off versus Jeff Skinner in Capitals zone.
2:29 of 1st period - Dan Hamhuis is hit by David Booth and loses puck.
2:56 of 1st period - Torey Krug is hit by Stephen Weiss and loses puck.
3:16 of 1st period - Slapshot by Tomas Kopecky.
3:16 of 1st period - Stopped by Tuukka Rask without a rebound.
3:17 of 1st period - Patrick Sharp wins face-off versus Kyle Wellwood in Capitals zone.
3:34 of 1st period - Patrick Sharp is hit by Kyle Wellwood and loses puck.
4:42 of 1st period - Icing by PK Subban.
4:43 of 1st period - Patrick Sharp wins face-off versus Matt Duchene in Capitals zone.
4:50 of 1st period - Snap shot by Patrick Sharp.
4:50 of 1st period - Stopped by Petr Mrazek with a rebound.
4:54 of 1st period - Snap shot by Joe Pavelski.
4:54 of 1st period - Stopped by Petr Mrazek with a rebound.
5:28 of 1st period - Wrist shot by Patrick Sharp.
5:28 of 1st period - Shot Blocked by Marek Svatos.
5:30 of 1st period - Snap shot by Thomas Vanek.
5:30 of 1st period - Stopped by Petr Mrazek with a rebound.
5:32 of 1st period - Slapshot by Brent Burns.
5:32 of 1st period - Shot Misses the Net.
5:34 of 1st period - Backhand shot by Joe Pavelski.
5:34 of 1st period - Shot Blocked by Radko Gudas.
5:36 of 1st period - Slapshot by PK Subban.
5:36 of 1st period - Stopped by Petr Mrazek without a rebound.
5:37 of 1st period - Ryan Getzlaf wins face-off versus Travis Zajac in Panthers zone.
5:38 of 1st period - Slapshot by Brian McGrattan.
5:38 of 1st period - Stopped by Petr Mrazek with a rebound.
5:40 of 1st period - Minor Penalty to Travis Zajac for Delaying the game.
5:41 of 1st period - Ryan Getzlaf wins face-off versus Marek Svatos in Panthers zone.
6:59 of 1st period - Chad Larose is hit by Brian McGrattan and loses puck.
7:40 of 1st period - Penalty to Travis Zajac is over, Travis Zajac is back on ice.
8:11 of 1st period - Ryan Suter is hit by Drew Stafford.
8:15 of 1st period - Brandon Gormley is hit by Ryan Suter and loses puck.
8:27 of 1st period - Travis Zajac is hit by Ryan Suter and loses puck.
8:48 of 1st period - Snap shot by Brian McGrattan.
8:48 of 1st period - Shot Misses the Net.
8:50 of 1st period - Slapshot by Josh Manson.
8:50 of 1st period - Deflect By Erik Gudbranson.
8:50 of 1st period - Stopped by Petr Mrazek with a rebound.
9:10 of 1st period - Slapshot by Torey Krug.
9:10 of 1st period - Stopped by Petr Mrazek without a rebound.
9:11 of 1st period - Marek Svatos wins face-off versus Peter Worrell in Panthers zone.
9:16 of 1st period - Wrist shot by Matt Duchene.
9:16 of 1st period - Stopped by Tuukka Rask without a rebound.
9:17 of 1st period - Matt Duchene wins face-off versus Roman Josi in Capitals zone.
10:12 of 1st period - Brent Burns is hit by Radko Gudas and loses puck.
11:09 of 1st period - Slapshot by Erik Gudbranson.
11:09 of 1st period - Stopped by Tuukka Rask with a rebound.
13:58 of 1st period - Josh Manson is hit by David Booth and loses puck.
14:04 of 1st period - Icing by Josh Manson.
14:05 of 1st period - Patrick Sharp wins face-off versus David Booth in Capitals zone.
14:26 of 1st period - Snap shot by Stephen Weiss.
14:26 of 1st period - Stopped by Tuukka Rask with a rebound.
15:06 of 1st period - Roman Josi is hit by Ladislav Smid and loses puck.
15:25 of 1st period - Snap shot by Drew Stafford.
15:25 of 1st period - Deflect By Linus Omark.
15:25 of 1st period - Goal by Linus Omark - Capitals : 0 - Panthers : 1.
15:26 of 1st period - Matt Duchene wins face-off versus Patrick Sharp in neutral zone.
15:39 of 1st period - Wrist shot by Alex Galchenyuk.
15:39 of 1st period - Stopped by Tuukka Rask with a rebound.
16:16 of 1st period - Brian McGrattan is hit by Erik Gudbranson and loses puck.
16:21 of 1st period - Wrist shot by Matt Duchene.
16:21 of 1st period - Stopped by Tuukka Rask without a rebound.
16:22 of 1st period - Stephen Weiss wins face-off versus Jeff Skinner in Capitals zone.
16:55 of 1st period - Snap shot by David Booth.
16:55 of 1st period - Shot Blocked by PK Subban.
16:57 of 1st period - Wrist shot by Chad Larose.
16:57 of 1st period - Shot Misses the Net.
16:59 of 1st period - Snap shot by Chad Larose.
16:59 of 1st period - Deflect By Travis Zajac.
16:59 of 1st period - Stopped by Tuukka Rask with a rebound.
17:08 of 1st period - Off-side.
17:09 of 1st period - Joe Pavelski wins face-off versus Kyle Wellwood in neutral zone.
17:34 of 1st period - Erik Gudbranson is hit by Roman Josi and loses puck.
18:12 of 1st period - Snap shot by Tomas Kopecky.
18:12 of 1st period - Shot Misses the Net.
18:22 of 1st period - Snap shot by PK Subban.
18:22 of 1st period - Stopped by Petr Mrazek with a rebound.
18:24 of 1st period - Wrist shot by PK Subban.
18:24 of 1st period - Stopped by Petr Mrazek with a rebound.
18:26 of 1st period - Wrist shot by Torey Krug.
18:26 of 1st period - Stopped by Petr Mrazek without a rebound.
18:27 of 1st period - Ryan Getzlaf wins face-off versus Matt Duchene in Panthers zone.
18:40 of 1st period - Wrist shot by Brian McGrattan.
18:40 of 1st period - Stopped by Petr Mrazek with a rebound.
18:52 of 1st period - Marek Svatos is hit by Peter Worrell and loses puck.
19:21 of 1st period - Snap shot by Matt Duchene.
19:21 of 1st period - Deflect By Alex Galchenyuk.
19:21 of 1st period - Stopped by Tuukka Rask without a rebound.
19:22 of 1st period - Travis Zajac wins face-off versus Ryan Getzlaf in Capitals zone.
19:53 of 1st period - Wrist shot by Thomas Vanek.
19:53 of 1st period - Stopped by Petr Mrazek without a rebound.
19:54 of 1st period - Patrick Sharp wins face-off versus Stephen Weiss in Panthers zone.
19:56 of 1st period - Icing by Taylor Chorney.
19:57 of 1st period - Ryan Getzlaf wins face-off versus Stephen Weiss in Panthers zone.
Goals for this period are 0 for Capitals vs 1 for Panthers.
Shots for this period are 12 for Capitals vs 14 for Panthers.
2nd period
0:01 of 2nd period - Ryan Getzlaf wins face-off versus Matt Duchene in neutral zone.
0:03 of 2nd period - Off-side.
0:04 of 2nd period - Ryan Getzlaf wins face-off versus Matt Duchene in neutral zone.
0:39 of 2nd period - Snap shot by Travis Zajac.
0:39 of 2nd period - Stopped by Tuukka Rask without a rebound.
0:40 of 2nd period - Stephen Weiss wins face-off versus Patrick Sharp in Capitals zone.
0:43 of 2nd period - Wrist shot by Stephen Weiss.
0:43 of 2nd period - Shot Blocked by Ryan Suter.
0:55 of 2nd period - Backhand shot by Stephen Weiss.
0:55 of 2nd period - Stopped by Tuukka Rask with a rebound.
1:03 of 2nd period - Minor Penalty to Thomas Vanek for Roughing.
1:04 of 2nd period - Joe Thornton wins face-off versus Matt Duchene in Capitals zone.
3:03 of 2nd period - Penalty to Thomas Vanek is over, Thomas Vanek is back on ice.
5:01 of 2nd period - Tomas Kopecky is hit by Torey Krug and loses puck.
5:32 of 2nd period - Snap shot by Joe Pavelski.
5:32 of 2nd period - Stopped by Petr Mrazek with a rebound.
6:07 of 2nd period - Wrist shot by Ryan Getzlaf.
6:07 of 2nd period - Shot Misses the Net.
6:13 of 2nd period - Torey Krug is hit by David Booth and loses puck.
6:24 of 2nd period - Taylor Chorney is hit by Roman Josi and loses puck.
6:55 of 2nd period - Slapshot by Daniel Paille.
6:55 of 2nd period - Shot Misses the Net.
6:57 of 2nd period - Wrist shot by Erik Gudbranson.
6:57 of 2nd period - Shot Blocked by Ryan Suter.
6:59 of 2nd period - Slapshot by Erik Gudbranson.
6:59 of 2nd period - Stopped by Tuukka Rask without a rebound.
7:00 of 2nd period - Matt Duchene wins face-off versus Roman Josi in Capitals zone.
7:34 of 2nd period - Slapshot by David Booth.
7:34 of 2nd period - Deflect By Travis Zajac.
7:34 of 2nd period - Stopped by Tuukka Rask with a rebound.
7:48 of 2nd period - Slapshot by Dan Hamhuis.
7:48 of 2nd period - Shot Blocked by Stephen Weiss.
7:50 of 2nd period - Snap shot by Dan Hamhuis.
7:50 of 2nd period - Deflect By Brandon Gormley.
7:50 of 2nd period - Stopped by Petr Mrazek with a rebound.
7:52 of 2nd period - Wrist shot by Brian McGrattan.
7:52 of 2nd period - Shot Blocked by Stephen Weiss.
7:54 of 2nd period - Slapshot by Dan Hamhuis.
7:54 of 2nd period - Shot Blocked by Jonathan Sigalet.
7:56 of 2nd period - Snap shot by Ryan Getzlaf.
7:56 of 2nd period - Stopped by Petr Mrazek with a rebound.
7:58 of 2nd period - Slapshot by Torey Krug.
7:58 of 2nd period - Shot Misses the Net.
8:34 of 2nd period - Slapshot by Brent Burns.
8:34 of 2nd period - Shot Blocked by Radko Gudas.
8:36 of 2nd period - Slapshot by PK Subban.
8:36 of 2nd period - Shot Misses the Net.
9:37 of 2nd period - Ryan Getzlaf is hit by Taylor Chorney and loses puck.
10:10 of 2nd period - Wrist shot by Drew Stafford.
10:10 of 2nd period - Deflect By Stephen Weiss.
10:10 of 2nd period - Stopped by Tuukka Rask without a rebound.
10:11 of 2nd period - Jeff Skinner wins face-off versus Matt Duchene in Capitals zone.
10:13 of 2nd period - Minor Penalty to Ondrej Palat for Roughing.
10:14 of 2nd period - Joe Thornton wins face-off versus Matt Duchene in Capitals zone.
11:45 of 2nd period - Marek Svatos is hit by Dan Hamhuis.
12:13 of 2nd period - Penalty to Ondrej Palat is over, Ondrej Palat is back on ice.
12:33 of 2nd period - Snap shot by Brian McGrattan.
12:33 of 2nd period - Shot Misses the Net.
12:35 of 2nd period - Wrist shot by Ryan Getzlaf.
12:35 of 2nd period - Deflect By Brian McGrattan.
12:35 of 2nd period - Stopped by Petr Mrazek with a rebound.
12:49 of 2nd period - Slapshot by Tomas Kopecky.
12:49 of 2nd period - Stopped by Tuukka Rask without a rebound.
12:50 of 2nd period - Kyle Wellwood wins face-off versus Patrick Sharp in Capitals zone.
12:56 of 2nd period - Minor Penalty to Joe Pavelski for High sticking.
12:57 of 2nd period - Matt Duchene wins face-off versus Joe Thornton in Capitals zone.
13:23 of 2nd period - Taylor Chorney is hit by Ondrej Palat and loses puck.
14:56 of 2nd period - Penalty to Joe Pavelski is over, Joe Pavelski is back on ice.
15:11 of 2nd period - Off-side.
15:12 of 2nd period - Stephen Weiss wins face-off versus Patrick Sharp in neutral zone.
15:30 of 2nd period - Icing by Ryan Suter.
15:31 of 2nd period - Patrick Sharp wins face-off versus Matt Duchene in Capitals zone.
15:45 of 2nd period - Icing by Jeff Skinner.
15:46 of 2nd period - Travis Zajac wins face-off versus Joe Pavelski in Capitals zone.
16:23 of 2nd period - Wrist shot by Thomas Vanek.
16:23 of 2nd period - Goal by Thomas Vanek - Capitals : 1 - Panthers : 1.
16:24 of 2nd period - Matt Duchene wins face-off versus Mikko Koivu in neutral zone.
17:14 of 2nd period - Taylor Chorney is hit by Joe Pavelski and loses puck.
17:19 of 2nd period - Wrist shot by Thomas Vanek.
17:19 of 2nd period - Stopped by Petr Mrazek without a rebound.
17:20 of 2nd period - Patrick Sharp wins face-off versus Stephen Weiss in Panthers zone.
17:35 of 2nd period - Snap shot by Thomas Vanek.
17:35 of 2nd period - Shot Misses the Net.
17:59 of 2nd period - Radko Gudas is hit by Brian McGrattan and loses puck.
18:24 of 2nd period - PK Subban is hit by Radko Gudas and loses puck.
18:29 of 2nd period - Snap shot by Matt Duchene.
18:29 of 2nd period - Stopped by Tuukka Rask without a rebound.
18:30 of 2nd period - Patrick Sharp wins face-off versus Travis Zajac in Capitals zone.
18:30 of 2nd period - Patrick Sharp is hit by Taylor Chorney.
19:01 of 2nd period - Off-side.
19:02 of 2nd period - Travis Zajac wins face-off versus Ryan Getzlaf in neutral zone.
19:13 of 2nd period - Wrist shot by David Booth.
19:13 of 2nd period - Deflect By Travis Zajac.
19:13 of 2nd period - Stopped by Tuukka Rask without a rebound.
19:14 of 2nd period - Matt Duchene wins face-off versus Patrick Sharp in Capitals zone.
19:25 of 2nd period - Wrist shot by Matt Duchene.
19:25 of 2nd period - Shot Misses the Net.
19:41 of 2nd period - Brian McGrattan is hit by Stephen Weiss and loses puck.
19:52 of 2nd period - Snap shot by Ryan Getzlaf.
19:52 of 2nd period - Shot Misses the Net.
19:54 of 2nd period - Backhand shot by Mikko Koivu.
19:54 of 2nd period - Stopped by Petr Mrazek with a rebound.
Goals for this period are 1 for Capitals vs 0 for Panthers.
Shots for this period are 7 for Capitals vs 8 for Panthers.
3rd period
0:01 of 3rd period - Matt Duchene wins face-off versus Patrick Sharp in neutral zone.
0:34 of 3rd period - Slapshot by Ryan Getzlaf.
0:34 of 3rd period - Stopped by Petr Mrazek with a rebound.
0:36 of 3rd period - Wrist shot by Ryan Getzlaf.
0:36 of 3rd period - Shot Misses the Net.
1:55 of 3rd period - Thomas Vanek is hit by Travis Zajac and loses puck.
2:14 of 3rd period - Slapshot by Brandon Gormley.
2:14 of 3rd period - Shot Blocked by Josh Manson.
2:16 of 3rd period - Snap shot by Linus Omark.
2:16 of 3rd period - Deflect By Brent Burns.
2:16 of 3rd period - Shot Blocked by Brent Burns.
2:16 of 3rd period - Puck is out of play.
2:17 of 3rd period - Matt Duchene wins face-off versus Roman Josi in Capitals zone.
2:22 of 3rd period - Slapshot by Matt Duchene.
2:22 of 3rd period - Shot Misses the Net.
2:30 of 3rd period - Snap shot by T.J. Oshie.
2:30 of 3rd period - Shot Misses the Net.
2:52 of 3rd period - Slapshot by Alex Galchenyuk.
2:52 of 3rd period - Shot Misses the Net.
2:54 of 3rd period - Minor Penalty to Peter Worrell for High sticking.
2:55 of 3rd period - Joe Thornton wins face-off versus Travis Zajac in Capitals zone.
3:06 of 3rd period - Backhand shot by Taylor Chorney.
3:06 of 3rd period - Stopped by Tuukka Rask without a rebound.
3:07 of 3rd period - Matt Duchene wins face-off versus Joe Thornton in Capitals zone.
3:22 of 3rd period - Slapshot by Matt Duchene.
3:22 of 3rd period - Stopped by Tuukka Rask with a rebound.
3:40 of 3rd period - Slapshot by Erik Gudbranson.
3:40 of 3rd period - Deflect By Travis Zajac.
3:40 of 3rd period - Stopped by Tuukka Rask without a rebound.
3:41 of 3rd period - Matt Duchene wins face-off versus Thomas Vanek in Capitals zone.
3:56 of 3rd period - Slapshot by Joe Thornton.
3:56 of 3rd period - Stopped by Petr Mrazek without a rebound.
3:57 of 3rd period - Chad Larose wins face-off versus Joe Thornton in Panthers zone.
4:12 of 3rd period - Slapshot by Brent Burns.
4:12 of 3rd period - Deflect By Erik Gudbranson.
4:12 of 3rd period - Goal by Brent Burns - Capitals : 2 - Panthers : 1.
4:13 of 3rd period - Joe Thornton wins face-off versus Matt Duchene in neutral zone.
4:16 of 3rd period - Snap shot by PK Subban.
4:16 of 3rd period - Shot Blocked by Alex Galchenyuk.
4:26 of 3rd period - Wrist shot by Alex Galchenyuk.
4:26 of 3rd period - Stopped by Tuukka Rask with a rebound.
4:54 of 3rd period - Penalty to Peter Worrell is over, Peter Worrell is back on ice.
5:09 of 3rd period - Slapshot by Ryan Getzlaf.
5:09 of 3rd period - Shot Misses the Net.
5:11 of 3rd period - Snap shot by Mikko Koivu.
5:11 of 3rd period - Stopped by Petr Mrazek with a rebound.
5:13 of 3rd period - Wrist shot by Mikko Koivu.
5:13 of 3rd period - Shot Misses the Net.
6:13 of 3rd period - Wrist shot by David Booth.
6:13 of 3rd period - Stopped by Tuukka Rask with a rebound.
6:15 of 3rd period - Snap shot by Ladislav Smid.
6:15 of 3rd period - Shot Blocked by Torey Krug.
6:17 of 3rd period - Slapshot by Ladislav Smid.
6:17 of 3rd period - Deflect By David Booth.
6:17 of 3rd period - Shot Misses the Net.
6:17 of 3rd period - Puck is out of play.
6:18 of 3rd period - Travis Zajac wins face-off versus Roman Josi in Capitals zone.
6:27 of 3rd period - Wrist shot by David Booth.
6:27 of 3rd period - Shot Blocked by Dan Hamhuis.
6:45 of 3rd period - Joe Pavelski is hit by Alex Galchenyuk and loses puck.
6:50 of 3rd period - Slapshot by Matt Duchene.
6:50 of 3rd period - Stopped by Tuukka Rask with a rebound.
6:52 of 3rd period - Slapshot by Marek Svatos.
6:52 of 3rd period - Shot Misses the Net.
6:54 of 3rd period - Slapshot by Brandon Gormley.
6:54 of 3rd period - Shot Blocked by Joe Pavelski.
6:56 of 3rd period - Slapshot by Jonathan Sigalet.
6:56 of 3rd period - Stopped by Tuukka Rask with a rebound.
7:39 of 3rd period - Brian McGrattan is hit by Kyle Wellwood and loses puck.
8:06 of 3rd period - Off-side.
8:07 of 3rd period - Patrick Sharp wins face-off versus Matt Duchene in neutral zone.
8:09 of 3rd period - Off-side.
8:10 of 3rd period - Matt Duchene wins face-off versus Patrick Sharp in neutral zone.
8:35 of 3rd period - Brent Burns is hit by Travis Zajac and loses puck.
8:42 of 3rd period - Slapshot by T.J. Oshie.
8:42 of 3rd period - Stopped by Petr Mrazek with a rebound.
8:44 of 3rd period - Slapshot by Brent Burns.
8:44 of 3rd period - Stopped by Petr Mrazek with a rebound.
8:46 of 3rd period - Snap shot by T.J. Oshie.
8:46 of 3rd period - Stopped by Petr Mrazek with a rebound.
8:48 of 3rd period - Slapshot by Brent Burns.
8:48 of 3rd period - Stopped by Petr Mrazek with a rebound.
9:52 of 3rd period - Slapshot by Marek Svatos.
9:52 of 3rd period - Goal by Marek Svatos - Capitals : 2 - Panthers : 2.
9:53 of 3rd period - Matt Duchene wins face-off versus Patrick Sharp in neutral zone.
9:58 of 3rd period - Snap shot by Matt Duchene.
9:58 of 3rd period - Deflect By Alex Galchenyuk.
9:58 of 3rd period - Stopped by Tuukka Rask with a rebound.
10:06 of 3rd period - Slapshot by Alex Galchenyuk.
10:06 of 3rd period - Stopped by Tuukka Rask with a rebound.
10:08 of 3rd period - Slapshot by Erik Gudbranson.
10:08 of 3rd period - Stopped by Tuukka Rask with a rebound.
10:10 of 3rd period - Snap shot by Matt Duchene.
10:10 of 3rd period - Stopped by Tuukka Rask with a rebound.
10:20 of 3rd period - Chad Larose is hit by PK Subban and loses puck.
10:25 of 3rd period - Wrist shot by Brian McGrattan.
10:25 of 3rd period - Stopped by Petr Mrazek without a rebound.
10:26 of 3rd period - Ryan Getzlaf wins face-off versus Travis Zajac in Panthers zone.
10:29 of 3rd period - Wrist shot by Ryan Getzlaf.
10:29 of 3rd period - Stopped by Petr Mrazek without a rebound.
10:30 of 3rd period - Chad Larose wins face-off versus Ryan Getzlaf in Panthers zone.
10:36 of 3rd period - Minor Penalty to Ryan Getzlaf for Hooking.
10:37 of 3rd period - Matt Duchene wins face-off versus Joe Thornton in Capitals zone.
10:49 of 3rd period - Snap shot by Alex Galchenyuk.
10:49 of 3rd period - Shot Blocked by Brent Burns.
10:51 of 3rd period - Wrist shot by Matt Duchene.
10:51 of 3rd period - Deflect By Alex Galchenyuk.
10:51 of 3rd period - Shot Misses the Net.
10:51 of 3rd period - Puck is out of play.
10:52 of 3rd period - Joe Thornton wins face-off versus Matt Duchene in Capitals zone.
11:17 of 3rd period - Patrick Sharp is hit by Erik Gudbranson and loses puck.
11:48 of 3rd period - Joe Thornton is hit by Jonathan Sigalet and loses puck.
12:36 of 3rd period - Penalty to Ryan Getzlaf is over, Ryan Getzlaf is back on ice.
12:46 of 3rd period - Slapshot by PK Subban.
12:46 of 3rd period - Deflect By Drew Stafford.
12:46 of 3rd period - Stopped by Petr Mrazek with a rebound.
12:49 of 3rd period - Icing by Radko Gudas.
12:50 of 3rd period - Ryan Getzlaf wins face-off versus Stephen Weiss in Panthers zone.
12:51 of 3rd period - Slapshot by Brian McGrattan.
12:51 of 3rd period - Shot Blocked by Stephen Weiss.
13:05 of 3rd period - Snap shot by Drew Stafford.
13:05 of 3rd period - Stopped by Tuukka Rask with a rebound.
13:07 of 3rd period - Wrist shot by Drew Stafford.
13:07 of 3rd period - Deflect By Linus Omark.
13:07 of 3rd period - Stopped by Tuukka Rask with a rebound.
13:19 of 3rd period - Jonathan Sigalet is hit by Ryan Getzlaf and loses puck.
13:46 of 3rd period - Wrist shot by Brian McGrattan.
13:46 of 3rd period - Stopped by Petr Mrazek with a rebound.
14:16 of 3rd period - Backhand shot by Mikko Koivu.
14:16 of 3rd period - Stopped by Petr Mrazek without a rebound.
14:17 of 3rd period - Matt Duchene wins face-off versus Patrick Sharp in Panthers zone.
14:17 of 3rd period - Matt Duchene is hit by Brent Burns.
14:50 of 3rd period - Off-side.
14:51 of 3rd period - Thomas Vanek wins face-off versus Travis Zajac in neutral zone.
14:54 of 3rd period - Slapshot by Ryan Suter.
14:54 of 3rd period - Stopped by Petr Mrazek with a rebound.
15:08 of 3rd period - Travis Zajac is hit by Thomas Vanek and loses puck.
15:37 of 3rd period - Tomas Kopecky is hit by Peter Worrell and loses puck.
16:00 of 3rd period - Joe Pavelski is hit by Travis Zajac and loses puck.
17:10 of 3rd period - Thomas Vanek is hit by Daniel Paille and loses puck.
17:35 of 3rd period - T.J. Oshie is hit by Drew Stafford.
18:42 of 3rd period - Jonathan Sigalet is hit by Dan Hamhuis and loses puck.
18:55 of 3rd period - Erik Gudbranson is hit by Joe Pavelski and loses puck.
19:18 of 3rd period - Backhand shot by Joe Thornton.
19:18 of 3rd period - Stopped by Petr Mrazek with a rebound.
Goals for this period are 1 for Capitals vs 1 for Panthers.
Shots for this period are 15 for Capitals vs 14 for Panthers.
Overtime #1
0:01 of 1st overtime period - Joe Thornton wins face-off versus Matt Duchene in neutral zone.
0:35 of 1st overtime period - Icing by Brent Burns.
0:36 of 1st overtime period - Joe Pavelski wins face-off versus Alex Galchenyuk in Capitals zone.
1:54 of 1st overtime period - Snap shot by Patrick Sharp.
1:54 of 1st overtime period - Stopped by Petr Mrazek with a rebound.
1:56 of 1st overtime period - Wrist shot by Thomas Vanek.
1:56 of 1st overtime period - Deflect By Patrick Sharp.
1:56 of 1st overtime period - Shot Blocked by David Booth.
1:56 of 1st overtime period - Puck is out of play.
1:57 of 1st overtime period - Thomas Vanek wins face-off versus David Booth in Panthers zone.
2:02 of 1st overtime period - Wrist shot by Thomas Vanek.
2:02 of 1st overtime period - Shot Misses the Net.
2:04 of 1st overtime period - Wrist shot by Thomas Vanek.
2:04 of 1st overtime period - Shot Blocked by Ladislav Smid.
2:06 of 1st overtime period - Wrist shot by Dan Hamhuis.
2:06 of 1st overtime period - Deflect By David Booth.
2:06 of 1st overtime period - Stopped by Petr Mrazek with a rebound.
2:16 of 1st overtime period - Torey Krug is hit by David Booth and loses puck.
2:32 of 1st overtime period - Slapshot by Erik Gudbranson.
2:32 of 1st overtime period - Stopped by Tuukka Rask with a rebound.
2:38 of 1st overtime period - David Booth is hit by Thomas Vanek and loses puck.
2:47 of 1st overtime period - Snap shot by Patrick Sharp.
2:47 of 1st overtime period - Deflect By Thomas Vanek.
2:47 of 1st overtime period - Stopped by Petr Mrazek with a rebound.
2:49 of 1st overtime period - Snap shot by Torey Krug.
2:49 of 1st overtime period - Stopped by Petr Mrazek with a rebound.
2:51 of 1st overtime period - Wrist shot by Patrick Sharp.
2:51 of 1st overtime period - Shot Misses the Net.
2:53 of 1st overtime period - Slapshot by Dan Hamhuis.
2:53 of 1st overtime period - Stopped by Petr Mrazek with a rebound.
2:59 of 1st overtime period - Dan Hamhuis is hit by David Booth and loses puck.
3:08 of 1st overtime period - Slapshot by David Booth.
3:08 of 1st overtime period - Stopped by Tuukka Rask with a rebound.
3:12 of 1st overtime period - Slapshot by Daniel Paille.
3:12 of 1st overtime period - Stopped by Tuukka Rask without a rebound.
3:13 of 1st overtime period - Joe Thornton wins face-off versus Matt Duchene in Capitals zone.
4:06 of 1st overtime period - Ladislav Smid is hit by Jeff Skinner and loses puck.
4:19 of 1st overtime period - Joe Pavelski is hit by Radko Gudas and loses puck.
4:51 of 1st overtime period - Slapshot by Brent Burns.
4:51 of 1st overtime period - Shot Blocked by Erik Gudbranson.
Goals for this period are 0 for Capitals vs 0 for Panthers.
Shots for this period are 5 for Capitals vs 3 for Panthers.
ShootOut
5:00 of 1st overtime period - Round #1.
5:00 of 1st overtime period - Capitals, Joe Thornton.
5:00 of 1st overtime period - Wrist shot by Joe Thornton.
5:00 of 1st overtime period - Goal by Joe Thornton.
5:00 of 1st overtime period - Panthers, Alex Galchenyuk.
5:00 of 1st overtime period - Snap shot by Alex Galchenyuk.
5:00 of 1st overtime period - Stopped by Tuukka Rask.
5:00 of 1st overtime period - Round #2.
5:00 of 1st overtime period - Capitals, Joe Pavelski.
5:00 of 1st overtime period - Wrist shot by Joe Pavelski.
5:00 of 1st overtime period - Shot Misses the Net.
5:00 of 1st overtime period - Panthers, Kyle Wellwood.
5:00 of 1st overtime period - Wrist shot by Kyle Wellwood.
5:00 of 1st overtime period - Goal by Kyle Wellwood.
5:00 of 1st overtime period - Round #3.
5:00 of 1st overtime period - Capitals, Thomas Vanek.
5:00 of 1st overtime period - Snap shot by Thomas Vanek.
5:00 of 1st overtime period - Goal by Thomas Vanek.
5:00 of 1st overtime period - Panthers, Matt Duchene.
5:00 of 1st overtime period - Backhand shot by Matt Duchene.
5:00 of 1st overtime period - Shot Hit the Post.
Back to the Top